 Dungeon Crawl Stone Soup version bcrawl-1.23 (webtiles) character file.

Game seed: 11344016992647467696

2389 diana the Skirmisher (level 9, -6/72 HPs)
             Began as a Demonspawn Gladiator on May 23, 2020.
             Was a Believer of Okawaru.
             Mangled by a komodo dragon (21 damage)
             ... on level 7 of the Dungeon.
             The game lasted 00:10:36 (8658 turns).

diana the Skirmisher (Demonspawn Gladiator)         Turns: 8658, Time: 00:10:36

Health: -6/72      AC: 15    Str: 17    XL:     9   Next: 22%
Magic:  7/9        EV: 11    Int: 11    God:    Okawaru [**....]
Gold:   565        SH:  3    Dex: 14    Spells: 8/8 levels left

rFire    . . .     SeeInvis .   a - +0 long sword
rCold    + . .     Gourm    .   (no shield)
rNeg     . . .     Faith    .   j - +0 chain mail
rPois    .         Spirit   .   c - +0 helmet
rElec    .         Reflect  .   (no cloak)
rCorr    .         Harm     .   (no gloves)
MR       .....                  (no boots)
Stlth    ..........             F - amulet of the acrobat
HPRegen  0.22/turn              (no ring)
MPRegen  0.11/turn              (no ring)

@: heroism, studying Slings
A: claws 2, iridescent scales 1, cold resistance 1, foul stench 1, augmentation
1, rot immunity
a: Heroism, Renounce Religion


You were on level 7 of the Dungeon.
You worshipped Okawaru.
Okawaru was pleased with you.
You were not hungry.

You visited 2 branches of the dungeon, and saw 8 of its levels.
You also visited: Ossuary.

You collected 565 gold pieces.

Inventory:

Hand Weapons
 a - a +0 long sword (weapon)
Missiles
 d - 3 throwing nets (quivered) {!f}
Armour
 b - a +0 leather armour
 c - a +0 helmet (worn)
 j - a +0 chain mail (worn)
Jewellery
 F - an amulet of the acrobat (around neck)
 H - a +4 amulet of reflection {unknown}
Wands
 p - a wand of digging (8)
 s - a wand of polymorph (13)
 C - a wand of flame (20)
Scrolls
 f - 2 scrolls of blinking {unknown}
 g - 3 scrolls of enchant weapon {unknown}
 i - 6 scrolls of identify {unknown}
 k - a scroll of magic mapping {unknown}
 l - 7 scrolls of remove curse {unknown}
 m - 2 scrolls of enchant armour {unknown}
 n - a scroll of amnesia {unknown}
 r - a scroll of fog {unknown}
 v - 4 scrolls of teleportation {unknown}
 D - a scroll of fear {unknown}
Potions
 h - a potion of flight {unknown}
 o - 2 potions of mutation {unknown}
 q - a potion of agility {unknown}
 t - a potion of haste
 u - a potion of lignification {unknown}
 w - a potion of curing
 x - a potion of invisibility
 z - 2 potions of cancellation
 A - 2 potions of brilliance {unknown}
 B - 2 potions of degeneration {unknown}
 E - a potion of resistance {unknown}
 G - a potion of ambrosia {unknown}
Books
 y - a manual of Slings
Comestibles
 e - 12 rations {!d}


   Skills:
 + Level 7.3(12.3) Fighting
 + Level 7.0(12.0) Long Blades
 - Level 1.7(6.7) Throwing
 + Level 6.3(11.3) Armour
 - Level 3.3(8.3) Dodging


You had 8 spell levels left.
You didn't know any spells.
Your spell library was empty.

Dungeon Overview and Level Annotations

Branches:
Dungeon (7/12)             Temple (1/1) D:4            Lair (0/6) D:7

Altars:
Ashenzari
Cheibriados
Dithmenos
Elyvilon
Fedhas
Gozag
Hepliaklqana
Kikubaaqudgha
Lugonu
Makhleb
Nemelex Xobeh
Okawaru
Qazlal
Ru
Sif Muna
Trog
Uskayaw
Vehumet
Wu Jian
Xom
Yredelemnul
Zin
The Shining One

Shops:
D:6 [

Annotations:
D:4 2 runed translucent doors, janekpiasek's ghost, amateur OpTm


Innate Abilities, Weirdness & Mutations

You have very sharp fingernails.
You are partially covered in iridescent scales. (AC +2)
Your flesh is cold resistant. (rC+)
You may emit foul miasma when damaged in melee.
Your magical and physical power is slightly enhanced at high health.
You are immune to rotting.


Message History

The komodo dragon bites you!!
* * * LOW HITPOINT WARNING * * *
You closely miss the komodo dragon.
The komodo dragon is heavily wounded.
You slash the komodo dragon!
The komodo dragon is almost dead.
The komodo dragon bites you.
* * * LOW HITPOINT WARNING * * *
You hit the komodo dragon but do no damage.
The komodo dragon is almost dead.
The komodo dragon barely misses you.
You barely miss the komodo dragon.
The komodo dragon is almost dead.
The komodo dragon bites you but does no damage.
You hit the komodo dragon but do no damage.
The komodo dragon is almost dead.
You hit the komodo dragon but do no damage.
The komodo dragon is almost dead.
The komodo dragon bites you!!
You die... #.#.# #.#.# #.#.# .?... #.#.# #.#.# ######## #†#.# ##PPPPPPP

#.##.#@#.######PPPPPPP.
#......l.........PPPP.>
...................PPPl.
#####.#.#)####.....PPPPP
...#........#......PP
#.##.#.#......##......P
# # #.######.####.....
#.# #.# ###.## #. #.#
#...


You could see a komodo dragon.

Vanquished Creatures
  A troll (D:7)
  A hornet (D:6)
  A hippogriff (D:5)
  A water moccasin (D:6)
  A black bear (D:6)
  An ice beast (D:6)
  A phantom (D:6)
  2 ogres (D:4)
  2 bullfrogs (D:6)
  3 water moccasin zombies (Ossuary)
  A scorpion (D:4)
  A howler monkey (D:6)
  A crimson imp (D:6)
  2 bullfrog zombies (D:5)
  2 hounds
  3 jellies
  An orc priest (D:3)
  3 orc wizards
  3 worker ants
  3 iguanas
  4 big kobold zombies (Ossuary)
  2 mummies (Ossuary)
  12 adders
  A shadow imp (D:4)
  An ooze (D:3)
  2 adder skeletons (D:4)
  6 adder zombies (Ossuary)
  3 worms
  3 dart slugs
  6 leopard geckos
  10 orcs
  2 giant cockroaches
  5 gnoll zombies (Ossuary)
  4 goblins
  11 hobgoblins
  3 jackals (D:3)
  16 kobolds
  2 quokkas
  A ball python (D:1)
  3 bats (D:1)
  3 frilled lizards
  7 hobgoblin zombies (Ossuary)
  A jackal zombie (D:4)
  5 kobold zombies (Ossuary)
  2 orc zombies (Ossuary)
  5 rats (D:1)
154 creatures vanquished.

Vanquished Creatures (others)
  An orc warrior (D:6)
  A scorpion (D:6)
  A howler monkey (D:6)
  A hound (D:6)
  An orc (D:6)
  4 plants (D:7)
9 creatures vanquished.

Grand Total: 163 creatures vanquished

Notes
Turn   | Place    | Note
-------+----------+-------------------------------------------
     0 | D:1      | diana the Demonspawn Gladiator began the quest for the Orb.
     0 | D:1      | Reached XP level 1. HP: 16/16 MP: 1/1
   281 | D:1      | Gained mutation: Your flesh is cold resistant. (rC+)
                  | [demonic ancestry]
   281 | D:1      | Reached XP level 2. HP: 7/22 MP: 2/2
   317 | D:1      | HP: 1/22 [hobgoblin/+0 club (2)]
  1127 | D:1      | Reached skill level 1 in Armour
  1431 | D:1      | Gained mutation: You have sharp fingernails. [demonic
                  | ancestry]
  1431 | D:1      | Reached XP level 3. HP: 28/28 MP: 3/3
  1903 | D:2      | Gained mutation: You are partially covered in iridescent
                  | scales. (AC +2) [demonic ancestry]
  1903 | D:2      | Reached XP level 4. HP: 34/34 MP: 4/4
  2997 | D:3      | Found a hide-covered altar of Uskayaw.
  3246 | D:3      | Gained mutation: You are immune to rotting. [demonic
                  | ancestry]
  3246 | D:3      | Reached XP level 5. HP: 40/41 MP: 5/5
  3997 | D:3      | Noticed an ogre
  3997 | D:3      | Noticed a gargoyle
  4302 | D:4      | Found a large runed translucent door.
  4302 | D:4      | Found a large runed translucent door.
  4303 | D:4      | Noticed janekpiasek's ghost (amateur OpTm)
  4315 | D:4      | Found a sand-covered staircase.
  4321 | Ossuary  | Entered an ossuary
  4358 | Ossuary  | Gained mutation: You may emit foul miasma when damaged in
                  | melee. [demonic ancestry]
  4358 | Ossuary  | Reached XP level 6. HP: 41/48 MP: 6/6
  4747 | Ossuary  | Gained mutation: You have very sharp fingernails. [demonic
                  | ancestry]
  4747 | Ossuary  | Reached XP level 7. HP: 22/55 MP: 7/7
  5319 | D:4      | Found a staircase to the Ecumenical Temple.
  5334 | Temple   | Entered the Ecumenical Temple
  5355 | Temple   | Became a worshipper of Warmaster Okawaru
  5545 | D:4      | Reached skill level 5 in Fighting
  5545 | D:4      | Reached skill level 5 in Long Blades
  6238 | D:4      | Found a blossoming altar of Fedhas.
  6288 | D:5      | Entered Level 5 of the Dungeon
  6521 | D:5      | Noticed a troll
  6954 | D:5      | Reached XP level 8. HP: 57/63 MP: 8/8
  7232 | D:6      | Found Nerch's Antique Armour Emporium.
  7286 | D:6      | Noticed a hornet
  7288 | D:6      | Reached * piety under Okawaru
  7293 | D:6      | Reached skill level 5 in Armour
  7294 | D:6      | Noticed a hippogriff
  7307 | D:6      | Killed a hornet
  7562 | D:5      | Killed a hippogriff
  7678 | D:6      | Found a shattered altar of Ashenzari.
  7883 | D:6      | Found a shimmering altar of Xom.
  8017 | D:6      | Reached ** piety under Okawaru
  8031 | D:6      | Gained mutation: Your magical and physical power is
                  | slightly enhanced at high health. [demonic ancestry]
  8031 | D:6      | Reached XP level 9. HP: 23/71 MP: 6/9
  8281 | D:6      | Found a snail-covered altar of Cheibriados.
  8313 | D:6      | Found a stormy altar of Qazlal.
  8313 | D:6      | Found an ornate altar of the Wu Jian Council.
  8431 | D:6      | Found a bloodstained altar of Trog.
  8451 | D:7      | Noticed a troll
  8460 | D:7      | Killed a troll
  8604 | D:7      | Found a staircase to the Lair.
  8604 | D:7      | Noticed a komodo dragon
  8658 | D:7      | Mangled by a komodo dragon

Skill      XL: |  1  2  3  4  5  6  7  8  9 |
---------------+----------------------------+-----
Long Blades    | 3 4 5 6 7 |  7.0
Dodging        | 3 |  3.3
Armour         | 1 2 3 4 6 |  6.3
Fighting       | 3 4 5 6 7 |  7.3
Throwing       | |  1.7

Action                   |  1- 3 |  4- 6 |  7- 9 || total
-------------------------+-------+-------+-------++-------
Melee: Long sword        |   130 |   382 |   299 ||   811
Invok: Heroism           |       |       |     6 ||     6
Evoke: Wand              |       |       |     4 ||     4
  Use: Potion            |       |       |     4 ||     4
  Eat: Ration            |     1 |     1 |     2 ||     4
       Chunk             |       |     7 |     6 ||    13
Armor: Leather armour    |    45 |       |       ||    45
       Chain mail        |    24 |   223 |   170 ||   417
Dodge: Dodged            |   104 |   141 |   105 ||   350
Block: Other             |     1 |     3 |    21 ||    25
